 Dungeon Crawl Stone Soup version 0.31-a0-655-gf2d5465dac (webtiles) character file.

Game seed: 16408591516899575283

60 MacCMillion the Shield-Bearer (level 4, 0/38 HPs)
             Began as a Ghoul Fighter on Aug 30, 2023.
             Killed from afar by Ijyb (4 damage)
             ... with a bolt of acid
             ... on level 2 of the Dungeon.
             The game lasted 00:01:48 (1228 turns).

MacCMillion the Shield-Bearer (Ghoul Fighter)       Turns: 1228, Time: 00:01:49

Health: 0/38       AC:  8    Str: 21    XL:     4   Next: 6%
Magic:  3/3        EV:  9    Int:  3    God:
Gold:   52         SH:  4    Dex:  8    Spells: 3/3 levels left

rFire   . . .        a - +0 war axe
rCold   + . .        c - +0 buckler
rNeg    + + +        b - +0 scale mail
rPois   ∞            (no helmet)
rElec   .            k - +0 cloak
rCorr   .            (no gloves)
SInv    .            j - +0 pair of boots
Will    .....        (no amulet) Stlth
                     (no ring)
HPRegen 0.00/turn    (no ring)
MPRegen 0.08/turn

%: no passive effects
@: inhibited regen
A: claws 1, cold resistance 1, negative energy resistance 3, inhibited
regeneration, torment resistance 2, devour on kill
a: no special abilities


You were on level 2 of the Dungeon.
You visited 1 branch of the dungeon, and saw 2 of its levels.

You collected 52 gold pieces.

Inventory:

Hand Weapons
 a - a +0 war axe (weapon)
Missiles
 e - 5 poisoned darts
Armour
 b - a +0 scale mail (worn)
 c - a +0 buckler (worn)
 j - a +0 pair of boots (worn)
 k - a +0 cloak (worn)
Scrolls
 g - a scroll of poison {unknown}
 h - 2 scrolls of identify {unknown}
 i - a scroll of silence {unknown}
Potions
 d - a potion of might
 f - a potion of degeneration {unknown}
 l - a potion of attraction {unknown}
 m - a potion of brilliance {unknown}


   Skills:
 - Level 3.2 Fighting
 + Level 2.9 Axes
 - Level 2.6 Armour
 + Level 3.6 Shields


You had 3 spell levels left.
You didn't know any spells.
Your spell library contained the following spells:

 Spells                   Type           Power      Damage    Failure   Level
 Volatile Blastmotes      Fire/Tloc      0%         2d10      99%         3
 Fulminant Prism          Conj/Hex       0%         3d5       100%        4
 Iskenderun's Mystic Bla  Conj/Tloc      0%         2d3       100%        4


Dungeon Overview and Level Annotations

Branches:
Dungeon (2/15)

Altars:

Annotations:
D:2 Ijyb


Innate Abilities, Weirdness & Mutations

You are immune to poison.
You have sharp fingernails.
Your flesh is cold resistant. (rC+)
You are immune to negative energy. (rN+++)
You do not regenerate when monsters are visible.
You are immune to unholy pain and torment.
You thrive by killing the living.


Message History

You hit Ijyb but do no damage.
Ijyb is heavily wounded.
Ijyb zaps a wand.
The bolt of acid hits you.
* * * LOW HITPOINT WARNING * * *
You closely miss Ijyb.
Ijyb is heavily wounded.
Ijyb hits you but does no damage. x2
You closely miss Ijyb.
Ijyb is heavily wounded.
Ijyb barely misses you.
You slash Ijyb!
Ijyb is almost dead.
Ijyb screams, "Me kill you!" You block Ijyb's attack.
You hit Ijyb but do no damage.
Ijyb is almost dead.
Ijyb screams, "It's all mine!"
Ijyb barely misses you.
Ijyb zaps a wand.
The bolt of acid misses you.
You completely miss Ijyb.
Ijyb is almost dead.
Ijyb hits you but does no damage.
You closely miss Ijyb.
Ijyb is almost dead.
You block Ijyb's attack.
You closely miss Ijyb.
Ijyb is almost dead.
Ijyb screams, "You nasty!
Big nasty!"
Ijyb hits you with a +0 dagger.
* * * LOW HITPOINT WARNING * * *
Ijyb hits you but does no damage.
You closely miss Ijyb.
Ijyb is almost dead.
Ijyb hits you but does no damage.
You hit Ijyb but do no damage.
Ijyb is almost dead.
Ijyb barely misses you.
You closely miss Ijyb.
Ijyb is almost dead.
Ijyb zaps a wand.
The bolt of acid hits you.
You die... g..g....†.## .......##..######## ....... ##.#....... gg.....

#......... .......
#.#.......
8.8.8.####.########
#####......#####
.......)##...#
.######g@).#.#
######
######.#####....#
##.......# #
#........# .#
#........##.###
#........†.....
#........)#....
########..# ###
#..#


You could see Ijyb.

Vanquished Creatures
  An adder (D:2)
  2 dart slugs (D:1)
  5 ball pythons
  3 endoplasms (D:1)
  8 goblins
  5 hobgoblins
  3 jackals (D:2)
  4 quokkas (D:1)
  6 bats (D:1)
  2 kobolds
  6 rats (D:1)
45 creatures vanquished.

Notes
Turn   | Place    | Note
-------+----------+-------------------------------------------
     0 | D:1      | MacCMillion the Ghoul Fighter began the quest for the Orb.
     0 | D:1      | Reached XP level 1. HP: 19/19 MP: 0/0
   219 | D:1      | Reached XP level 2. HP: 26/26 MP: 1/1
   402 | D:1      | Reached XP level 3. HP: 31/31 MP: 2/2
  1196 | D:2      | Noticed Ijyb
  1205 | D:2      | Reached XP level 4. HP: 38/38 MP: 3/3
  1228 | D:2      | Killed from afar by Ijyb

Illustrated notes

Levels and vault maps discovered:
D:1:      onia_arrival_mini_maze, layout_basic, minmay_strange_pillars,
          minmay_misc_feat_ornament
D:2:      kennysheep_the_goblin_king, layout_basic, grunt_decor_mini_mirrors,
          minmay_surrounded

Skill      XL: |  1 |
---------------+----+-----
Axes           | 2 |  2.9
Shields        | 3 |  3.6
Fighting       | |  3.2
Armour         | |  2.6

Action                     |  1- 3 |  4- 6 || total
---------------------------+-------+-------++-------
  Melee: War axe           |   107 |    24 ||   131
 Armour: Scale mail        |    81 |     8 ||    89
  Dodge: Dodged            |    68 |    15 ||    83
  Block: Buckler           |    31 |     4 ||    35

Table legend: (Time is in decaauts)
 A = Elapsed time spent in this place.
 B = Non-inter-level travel time spent in this place.
 C = Inter-level travel time spent in this place.
 D = Time resting spent in this place.
 E = Time spent auto-exploring this place.
 F = Levels seen in this place.
 G = Mean time per level.
                   A        B        C        D        E       F      G
               +--------+--------+--------+--------+--------+-----+--------+
         Total |   1280 |   1236 |     44 |     30 |    872 |   2 |  640.0 |
       Dungeon |   1280 |   1236 |     44 |     30 |    872 |   2 |  640.0 |
               +--------+--------+--------+--------+--------+-----+--------+

Top non-repeatable levels by time:
     D:1: 990 daAuts
     D:2: 289 daAuts
